 Dungeon Sprint DCSS version 0.20-a0-1086-g4bd2f5b (webtiles) character file.

114 potatolord5000 the Fighter (level 8, -12/73 HPs)
             Began as a Demonspawn Fighter on May 1, 2017.
             Was an Initiate of Gozag.
             Mangled by a thorn hunter (14 damage)
             ... in the Dungeon (Sprint VI: "Thunderdome").
             The game lasted 00:09:27 (665 turns).

potatolord5000 the Fighter (Demonspawn Fighter)      Turns: 665, Time: 00:09:28

Health: -12/73     AC: 16    Str: 18    XL:     8   Next: 86%
Magic:  8/8        EV:  6    Int: 13    God:    Gozag
Gold:   152        SH: 16    Dex: 13    Spells: 7/7 levels left

rFire    + . .     SeeInvis .   a - +0 long sword
rCold    + . .     Gourm    .   j - +0 large shield "Vodex" {rN+} (curse)
rNeg     + . .     Faith    .   b - +0 scale mail
rPois    .         Spirit   .   (helmet restricted)
rElec    .         Reflect  .   d - +1 cloak of the Volcano {rC+}
rCorr    .         Harm     .   (no gloves)
MR       .....     NoTele   +   e - +1 pair of boots of Subjectivity {rF+ Int+3}
Stlth    +.........             (no amulet)
Regen    0.3/turn               (no ring)
MPRegen  0.2/turn               (no ring)

@: lethally poisoned (-12 -> -19), hasted, drained, very quick
A: horns 1, thin metallic scales 2, nightstalker 1, powered by death 1
a: Potion Petition, Call Merchant, Bribe Branch, Renounce Religion


You were in the Dungeon.
You worshipped Gozag.
Gozag was aware of your devotion.
You were not hungry.

You visited 1 branch You collected 1547 gold pieces.
You spent 1395 gold pieces at shops.

Inventory:

Hand Weapons
 a - a +0 long sword (weapon)
Armour
 b - a +0 scale mail (worn)
 d - the +1 cloak of the Volcano (worn) {rC+}
   (You bought it in a shop in the Dungeon)

   It protects you from cold.
 e - the +1 pair of boots of Subjectivity (worn) {rF+ Int+3}
   (You bought it in a shop in the Dungeon)

   It affects your intelligence (+3).
   It protects you from fire.
 j - the cursed +0 large shield "Vodex" (worn) {rN+}
   (You bought it in a shop in the Dungeon)

   It protects you from negative energy.
   It has a curse placed upon it.
Wands
 m - a wand of acid (5/15)
 n - a wand of iceblast (5/15)
Scrolls
 k - 4 scrolls of blinking
 o - 3 scrolls of fog
Potions
 i - 2 potions of magic
Comestibles
 f - a bread ration


   Skills:
 + Level 10.4(9.9) Fighting
 + Level 9.5(9.0) Long Blades
 + Level 9.6(9.1) Armour
 + Level 9.6(9.1) Shields


You had 7 spell levels left.
You didn't know any spells.

Dungeon Overview and Level Annotations

Branches:
Dungeon (1/1)

Altars:
Cheibriados
Dithmenos
Fedhas
Gozag
Kikubaaqudgha
Makhleb
Okawaru
Qazlal
Ru
Sif Muna
Trog
Uskayaw
Vehumet
Wu Jian
Xom
Yredelemnul
Zin
The Shining One
Beogh
Jiyva
Lugonu

Shops:
D *[%??*?*:[((!!!!


Innate Abilities, Weirdness & Mutations

You have a pair of small horns on your head.
You are mostly covered in thin metallic scales. (AC +3)
You are slightly more attuned to the shadows.
You regenerate a little health from kills.


Message History

The swamp dragon is engulfed in spectral mist.
The swamp dragon bites you!
* * * LOW HITPOINT WARNING * * *
The swamp dragon claws you but does no damage.
The swamp dragon tramples you but does no damage.
Unknown command.
You closely miss the witch.
The witch is lightly wounded.
You are engulfed in spectral mist.
* * * LOW HITPOINT WARNING * * *
x2 You feel sick.
The spectral leopard gecko fades away!
You block the spectral jackal's attack.
You block the spectral ball python's attack. x2
The witch is engulfed in spectral mist.
The witch hits you with a dagger.
* * * LOW HITPOINT WARNING * * *
The thorn hunter is engulfed in spectral mist.
The thorn hunter hits you but does no damage.
The thorn hunter hits you!
You die...
Your body crumbles into a pile of gold.

#........_# #_....[.._#
###......[[)###
#⌠.......[...⌠#
######.8.........8.###
##∩__§.§....###......__
###∩...§Z§§[8.# #.8......
##....§.§ft§§..###........
#⌠.....§§@pZ###...###.....
#⌠.P..§$ZZD§# #.<.# #.....
#⌠.P..§§§.§§###...###.....
##.P.....§§.§).###........
###∩.....Z.§8.# #.8......
##PPPPPP....###......_.
######P8.........8.###
#⌠...........⌠#
###.........###


You could see a thorn hunter, a swamp dragon, a ghost crab, a spectral bat, a
spectral ball python, a spectral jackal, a spectral seven-headed hydra, a
spectral giant cockroach and a witch.

Vanquished Creatures
  A rust devil (D)
  2 orange demons (D)
  An ice devil (D)
  A red devil (D)
  An orc warrior (D)
  A sky beast (D)
  Blork the orc (D)
  2 scorpions (D)
  An orc priest (D)
  A worm (D)
  3 orcs (D)
  2 giant cockroaches (D)
17 creatures vanquished.

Vanquished Creatures (others)
  A spiny frog (D)
  A sky beast (D)
2 creatures vanquished.

Grand Total: 19 creatures vanquished

Notes
Turn   | Place    | Note
-------+----------+-------------------------------------------
     0 | D        | potatolord5000 the Demonspawn Fighter began the quest for the Orb.
     0 | D        | Reached XP level 1. HP: 18/18 MP: 1/1
     3 | D        | Found an ancient bone altar of Kikubaaqudgha.
     3 | D        | Found an opulent altar of Gozag.
     5 | D        | Found a blossoming altar of Fedhas.
     5 | D        | Found a glowing silver altar of Zin.
     5 | D        | Round 1.
     7 | D        | Found a corrupted altar of Lugonu.
     7 | D        | Found a radiant altar of Vehumet.
     8 | D        | Found a snail-covered altar of Cheibriados.
     8 | D        | Found a deep blue altar of Sif Muna.
     9 | D        | Found a glowing golden altar of the Shining One.
     9 | D        | Found a basalt altar of Yredelemnul.
    14 | D        | Found a bloodstained altar of Trog.
    14 | D        | Found an iron altar of Okawaru.
    21 | D        | Found a sacrificial altar of Ru.
    21 | D        | Found a hide-covered altar of Uskayaw.
    22 | D        | Found a shimmering altar of Xom.
    22 | D        | Found Neinn's Premium Goods.
    22 | D        | Found Himp's Weapon Rack.
    23 | D        | Found Tuenurie's Miscellaneous Merchandise.
    23 | D        | Found Jiarph's Basic Armour.
    29 | D        | Became a worshipper of Gozag Ym Sagoz the Greedy
    32 | D        | Found a roughly hewn altar of Beogh.
    32 | D        | Found Gillamo's Identification Station.
    34 | D        | Found Ikior's Advanced Armour.
    34 | D        | Found Ynuclegh's Jewellery.
    35 | D        | Found a stormy altar of Qazlal.
    35 | D        | Found a burning altar of Makhleb.
    35 | D        | Found Pogeghak's Bee Food.
    47 | D        | Noticed a scorpion
    51 | D        | Found Nyaty's Magic Scroll Shop.
    56 | D        | Killed a scorpion
    56 | D        | Reached skill level 4 in Fighting
    56 | D        | Gained mutation: You are slightly more attuned to the shadows. [demonic ancestry]
    56 | D        | Reached XP level 2. HP: 20/26 MP: 2/2
    56 | D        | Gained mutation: You regenerate a little health from kills. [demonic ancestry]
    56 | D        | Reached XP level 3. HP: 24/31 MP: 3/3
    59 | D        | Found Titizir's Staff Store.
    59 | D        | Found Neogeupo's Magic Scroll Shop.
    59 | D        | Found Henaruyph's Must-Have Magic.
    67 | D        | Found an ornate altar of the Wu Jian Council.
    68 | D        | Found Caibrash's Distillery.
    69 | D        | Found Miepemm's Distillery.
    69 | D        | Found Xoryqus's Bottled Wisdom.
    69 | D        | Found a viscous altar of Jiyva.
    69 | D        | Found a shadowy altar of Dithmenos.
    69 | D        | Found Hise's Do-It-Yourself Clinic.
    91 | D        | Noticed a scorpion
    97 | D        | Killed a scorpion
    97 | D        | Arena points: 12 (+12) [x2]
    97 | D        | Reached skill level 5 in Fighting
    97 | D        | Gained mutation: You are partially covered in thin metallic scales. (AC +2) [demonic ancestry]
    97 | D        | Reached XP level 4. HP: 33/39 MP: 4/4
   117 | D        | Bought a faintly humming cloak for 332 gold pieces
   122 | D        | Identified the +1 cloak of the Volcano {rC+} (You bought it in a shop in the Dungeon)
   161 | D        | Round 2.
   232 | D        | Noticed an orc warrior
   255 | D        | Noticed Blork the orc
   263 | D        | Killed an orc warrior
   263 | D        | Reached skill level 6 in Fighting
   263 | D        | Reached skill level 5 in Long Blades
   263 | D        | Reached skill level 5 in Armour
   263 | D        | Reached skill level 5 in Shields
   263 | D        | Gained mutation: You are mostly covered in thin metallic scales. (AC +3) [demonic ancestry]
   263 | D        | Reached XP level 5. HP: 26/47 MP: 5/5
   267 | D        | Killed Blork the orc
   268 | D        | Reached XP level 6. HP: 35/53 MP: 6/6
   326 | D        | Reached skill level 7 in Fighting
   338 | D        | Arena points: 54 (+42) [x3]
   356 | D        | Round 3.
   357 | D        | Bought a pair of encrusted boots for 332 gold pieces
   359 | D        | Noticed a sky beast
   362 | D        | Identified the +1 pair of boots of Subjectivity {rF+ Int+3} (You bought it in a shop in the Dungeon)
   378 | D        | Noticed a sky beast
   385 | D        | Noticed a steam dragon
   388 | D        | Killed a sky beast
   397 | D        | Noticed a steam dragon
   398 | D        | Noticed a sky beast
   420 | D        | Bought 4 potions of curing for 84 gold pieces
   439 | D        | Killed a sky beast
   446 | D        | Arena points: 90 (+36) [x4]
   455 | D        | Bought 3 potions of heal wounds for 105 gold pieces
   455 | D        | Bought 3 potions of heal wounds for 105 gold pieces
   455 | D        | Bought 3 potions of heal wounds for 105 gold pieces
   461 | D        | Round 4.
   513 | D        | Noticed an orange demon
   522 | D        | Noticed an ice devil
   524 | D        | Noticed a red devil
   538 | D        | Killed an orange demon
   538 | D        | Reached skill level 8 in Fighting
   538 | D        | Reached XP level 7. HP: 26/63 MP: 7/7
   543 | D        | Noticed a rust devil
   553 | D        | Killed an ice devil
   553 | D        | Reached skill level 9 in Fighting
   555 | D        | Noticed an orange demon
   561 | D        | Killed a rust devil
   561 | D        | Gained mutation: You have a pair of small horns on your head. [demonic ancestry]
   561 | D        | Reached XP level 8. HP: 58/72 MP: 8/8
   567 | D        | Killed a red devil
   567 | D        | Reached skill level 10 in Fighting
   574 | D        | Killed an orange demon
   586 | D        | Arena points: 114 (+24) [x1]
   601 | D        | Round 5.
   622 | D        | Bought a faintly humming large shield for 332 gold pieces
   632 | D        | Identified the cursed +0 large shield "Vodex" {rN+} (You bought it in a shop in the Dungeon)
   634 | D        | Noticed a spiny frog
   637 | D        | Noticed a ghost crab
   642 | D        | Killed a spiny frog
   643 | D        | Noticed a spectral six-headed hydra
   648 | D        | Noticed a witch
   650 | D        | Noticed a swamp dragon
   654 | D        | Noticed a thorn hunter
   664 | D        | Noticed a spectral seven-headed hydra
   665 | D        | HP: 3/73 [poisoned by a swamp dragon (blast of poison)]
   665 | D        | Mangled by a thorn hunter

Vault maps used:
D:        arena_sprint

Skill      XL: |  1  2  3  4  5  6  7  8 |
---------------+-------------------------+-----
Long Blades    | 3 4 5 6 7 8 9 |  9.5
Armour         | 4 5 6 8 9 |  9.6
Shields        | 4 5 6 7 8 9 |  9.6
Fighting       | 4 5 6 8 9 10 | 10.4

Action                   |  1- 3 |  4- 6 |  7- 9 || total
-------------------------+-------+-------+-------++-------
Melee: Long sword        |    13 |   104 |    50 ||   167
       Headbutt          |       |       |     9 ||     9
Invok: Potion Petition   |       |     1 |       ||     1
  Use: Potion            |     4 |    15 |     6 ||    25
 Stab: Distracted        |       |       |     1 ||     1
Armor: Scale mail        |     5 |    69 |    58 ||   132
Dodge: Dodged            |     4 |    28 |    22 ||    54
Block: Shield            |     1 |    57 |    16 ||    74
       Large shield      |       |       |    56 ||    56
       Rpst.: Long sword |     1 |     7 |     3 ||    11
